 Dungeon Crawl Stone Soup version 0.28.0-53-g5a82cb258f (webtiles) character file.

Game seed: 7039631950657589826

36073 ZappyNine the Grappler (level 13, -7/127 HPs)
             Began as a Barachi Transmuter on June 2, 2022.
             Was the Champion of Okawaru.
             Mangled by an acid blob (18 damage)
             ... on level 5 of the Lair of Beasts.
             The game lasted 01:06:20 (26458 turns).

ZappyNine the Grappler (Barachi Transmuter)        Turns: 26458, Time: 01:06:21

Health: -7/127     AC:  0    Str: 16    XL:     13   Next: 87%
Magic:  21/25      EV: 14    Int: 15    God:    Okawaru [******]
Gold:   618        SH:  5    Dex: 12    Spells: 13/28 levels left

rFire   x . .      SeeInvis .     - Unarmed
rCold   + + +      Faith    .   (shield currently unavailable)
rNeg    . . .      Spirit   .   (armour currently unavailable)
rPois   +          Reflect  +   (helmet currently unavailable)
rElec   .          Harm     .   (cloak currently unavailable)
rCorr   .          Rampage  .   (gloves currently unavailable)
Will    .....                   (boots currently unavailable)
Stlth   +.........              i - amulet "Tout Woenaer" {Reflect rC+ SH+5}
HPRegen 0.31/turn               c - ring of poison resistance
MPRegen 0.19/turn               D - +4 ring of slaying

@: ice-form, corroded
A: freezing attack, boosted hp, amphibious, large, (slowness 1), (strong legs
2), +LOS
a: End Transformation, Renounce Religion, Heroism, Finesse, Duel


You were on level 5 of the Lair of Beasts.
You worshipped Okawaru.
Okawaru was exalted by your worship.
You were a creature of crystalline ice.
You visited 3 branches of the dungeon, and saw 19 of its levels.
You also visited: Gauntlet.

You collected 1961 gold pieces.
You spent 1343 gold pieces at shops.

Inventory:

Missiles
 n - a throwing net
 M - 4 silver javelins
Armour
 a - a +0 robe (melded)
 k - a +0 pair of boots (melded)
 t - a +0 helmet (melded)
 B - a +2 pair of gloves of strength
 P - the +2 cloak of Resourcefulness (melded) {Will++ Str-2 Int+2}
   (You found it in a Gauntlet)

   Str:       It affects your strength (-2).
   Int:       It affects your intelligence (+2).
   Will:      It greatly increases your willpower.
 Q - the +1 pair of gloves of the Game of Life (melded) {Will+ rCorr}
   (Okawaru gifted it to you on level 3 of the Lair of Beasts)

   rCorr:     It protects you from acid and corrosion.
   Will:      It increases your willpower.
Jewellery
 c - a ring of poison resistance (left front paw)
 h - a ring of ice
 i - the amulet "Tout Woenaer" (around neck) {Reflect rC+ SH+5}
   (You acquired it on level 10 of the Dungeon)

   [amulet of reflection]

   It reflects blocked missile attacks.
   rC:        It protects you from cold.
   SH:        It affects your SH (+5).
 x - a ring of resist corrosion
 A - a ring of ice
 D - a +4 ring of slaying (right front paw)
 I - a ring of protection from cold
 K - the amulet of Qihan {Spirit +Blink Str+4}
   (You found it in a Gauntlet)

   [amulet of guardian spirit]

   It causes incoming damage to be divided between your reserves of health and
   magic.
   Str:       It affects your strength (+4).
   +Blink:    It lets you blink.
 T - a ring of flight
 U - an amulet of regeneration
Wands
 r - a wand of iceblast (10)
 w - a wand of flame (50)
 y - a wand of polymorph (4)
 L - a wand of acid (4)
 N - a wand of mindburst (10)
 O - a wand of paralysis (17)
Scrolls
 b - 5 scrolls of fog
 d - 4 scrolls of vulnerability
 f - 6 scrolls of teleportation
 g - 3 scrolls of amnesia
 o - a scroll of summoning
 p - a scroll of brand weapon
 E - a scroll of silence
 G - 10 scrolls of identify
 H - 2 scrolls of enchant armour
 J - a scroll of blinking
 R - a scroll of enchant weapon {unknown}
 S - a scroll of magic mapping
Potions
 e - 6 potions of lignification
 j - 6 potions of curing
 l - 4 potions of haste
 m - 3 potions of attraction
 q - a potion of ambrosia
 s - a potion of resistance
 v - a potion of mutation
 z - a potion of might
 C - a potion of flight
 F - 3 potions of berserk rage


   Skills:
 + Level 11.1 Fighting
 + Level 10.9 Dodging
 * Level 14.2 Unarmed Combat
 + Level 8.2 Spellcasting
 - Level 8.0 Transmutations
 - Level 4.6 Ice Magic
 - Level 4.9 Poison Magic
 - Level 7.7 Invocations


You had 13 spell levels left.
You knew the following spells:

 Your Spells              Type           Power      Damage    Failure   Level
a - Frozen Ramparts       Ice            40%        1d6       5%          3
b - Wereblood             Tmut           30%        N/A       1%          2
c - Spider Form           Tmut/Pois      25%        N/A       2%          3
d - Ice Form              Ice/Tmut       25%        N/A       9%          4
e - Ozocubu's Armour      Ice            20%        N/A       5%          3

Your spell library contained the following spells:

 Spells                   Type           Power      Damage    Failure   Level
 Beastly Appendage        Tmut           60%        N/A       1%          1
 Freeze                   Ice            80%        1d9       1%          1
 Passwall                 Tmut/Erth      15%        N/A       3%          2
 Ensorcelled Hibernation  Hex/Ice        26%        N/A       7%          2
 Magic Dart               Conj           24%        1d4       12%         1
 Pain                     Necr           24%        1d5       12%         1
 Sandblast                Erth           12%        2d6       12%         1
 Olgreb's Toxic Radiance  Pois           21%        N/A       16%         4
 Mephitic Cloud           Conj/Pois/Air  11%        N/A       19%         3
 Alistair's Intoxication  Tmut/Pois      16%        N/A       22%         5
 Inner Flame              Hex/Fire       6%         N/A       34%         3
 Stone Arrow              Conj/Erth      12%        3d7       34%         3
 Hailstorm                Conj/Ice       13%        3d5       41%         4
 Yara's Violent Unravell  Hex/Tmut       9%         3d6       54%         5
 Airstrike                Air            3%         N/A       75%         4
 Anguish                  Hex/Necr       3%         N/A       75%         4
 Cause Fear               Hex            3%         N/A       75%         4
 Passage of Golubria      Tloc           6%         N/A       75%         4
 Eringya's Noxious Bog    Tmut/Pois      12%        N/A       77%         6
 Agony                    Necr           6%         N/A       97%         5
 Borgnjor's Vile Clutch   Necr/Erth      3%         N/A       97%         5
 Excruciating Wounds      Necr           3%         N/A       97%         5
 Fireball                 Conj/Fire      3%         3d4       97%         5
 Iskenderun's Battlesphe  Conj           6%         2d6       97%         5
 Lightning Bolt           Conj/Air       3%         1d14      97%         5
 Silence                  Hex/Air        3%         N/A       97%         5
 Conjure Ball Lightning   Conj/Air       3%         3x3d6     100%        6
 Orb of Destruction       Conj           3%         9d5       100%        7
 Ozocubu's Refrigeration  Ice            10%        4d7       100%        7
 Discord                  Hex            3%         N/A       100%        8
 Ignition                 Fire           3%         3d4       100%        8
 Lehudib's Crystal Spear  Conj/Erth      3%         10d2      100%        8
 Call Imp                 Summ           Unusable   N/A       N/A         2
 Tukima's Dance           Hex            Unusable   N/A       N/A         3
 Summon Lightning Spire   Summ/Air       Unusable   N/A       N/A         4

Dungeon Overview and Level Annotations

Branches:
Dungeon (12/15)            Temple (1/1) D:4            Lair (6/6) D:8
  Swamp (0/4) Lair:2        Snake (0/4) Lair:3          Orc (0/2) D:9
Gauntlet (visited)
  Slime: Lair:5-6

Altars:
Ashenzari
Cheibriados
Dithmenos
Elyvilon
Fedhas
Gozag
Hepliaklqana
Kikubaaqudgha
Makhleb
Nemelex Xobeh
Okawaru
Qazlal
Ru
Sif Muna
Trog
Uskayaw
Vehumet
Wu Jian
Xom
Yredelemnul
Zin
The Shining One

Shops:
D:4 =   D:11 (   D:12 ?

Portals:
Trove: D:10 (give +7 demon blade)

Annotations:
D:8 1 runed translucent door
Lair:1 2 transporters


Innate Abilities, Weirdness & Mutations

You are a creature of crystalline ice.
You have a powerful freezing melee attack.
Your maximum health is increased.
Your armour is entirely melded.
You are incapable of wielding weapons or throwing items.
You are amphibious.
((You cover ground slowly.))
((You can hop long distances.))
You have an extended range of vision and can be seen from far away.


Message History

You bite the acid blob!
Your front legs burn!
The acid blob is moderately wounded.
The acid blob hits you!!!
You are splashed with acid.
* * * LOW HITPOINT WARNING * * *
Unknown command.
The acid blob spits acid at you. The splash of acid hits you!!
* * * LOW HITPOINT WARNING * * *
The acid corrodes you!
There is a stone staircase leading up here.
You feel much better. The acid blob barely misses you.
A jelly comes into view.
Unknown command.
The acid blob misses you.
The endoplasm jiggles.
You climb upwards.
There is a stone staircase leading down here.
Unknown command.
Unknown command.
Casting: Spider Form (dangerous; 10% risk of failure)
Confirm with . or Enter, or press ? or * to list all spells.
Your transformation has ended.
The +2 cloak of Resourcefulness {Will++ Str-2 Int+2} unmelds from your body.
Your +0 helmet unmelds from your body.
The +1 pair of gloves of the Game of Life {Will+ rCorr} unmelds from your body.
Your +0 pair of boots unmelds from your body.
Your +0 robe unmelds from your body.
You turn into a creature of crystalline ice.
The +2 cloak of Resourcefulness {Will++ Str-2 Int+2} melds into your body.
Your +0 helmet melds into your body.
The +1 pair of gloves of the Game of Life {Will+ rCorr} melds into your body.
Your +0 pair of boots melds into your body.
Your +0 robe melds into your body.
The acid blob spits acid at you. The splash of acid hits you!!
* * * LOW HITPOINT WARNING * * *
The acid corrodes you!
Unknown command.
The acid blob hits you!!
You die...

###.# ##....#
##.#########....#
#####.+P.#P...###....
#.............##.....
##............###....
#............####..#
##<..........#..#.#.
#..J................
##.Y..........#...#.
#...........###....#
##..##...P#.# #..>#.
#....##.#### ##.###
##...#### #..#
#...##### ####..##
##....##.# #.##.#..
##........# #......#
##.........###.......


You could see an acid blob.

Vanquished Creatures
  A minotaur (Gauntlet)
  Snorg (D:10)
  2 hydras
  Erica (Lair:2)
  A boulder beetle (D:12)
  A vault guard (D:10)
  4 two-headed ogres
  A thrashing horror (Gauntlet)
  Urug (D:11)
  Nergalle (D:12)
  A bog body (Lair:2)
  A manticore (D:11)
  15 elephants
  4 black mambas
  8 cane toads
  3 rime drakes (Lair:3)
  6 komodo dragons
  A troll (D:10)
  3 polar bears
  4 blink frogs (Lair:3)
  3 wyverns
  A centaur simulacrum (Gauntlet)
  A wraith (D:11)
  23 yaks
  Sigmund (D:2)
  Grum (Lair:1)
  6 vampire mosquitoes (D:11)
  3 wargs (D:9)
  2 nagas (Lair:3)
  12 water moccasins
  A hydra simulacrum (Gauntlet)
  2 ice beasts
  5 ogres
  2 meliai simulacra (Gauntlet)
  A black bear (Lair:3)
  2 small abominations (Gauntlet)
  5 orc warriors
  16 wolves
  2 centaurs (D:7)
  2 phantoms (D:4)
  3 kobold brigands
  14 bullfrogs
  2 gnoll sergeants
  A scorpion (D:6)
  A wyvern skeleton (D:6)
  13 killer bees
  An electric eel (Lair:5)
  4 wights (D:10)
  A howler monkey (D:9)
  3 hounds
  2 bullfrog zombies (D:6)
  9 centaur zombies
  6 orc priests
  A jelly (D:5)
  An iguana (D:2)
  3 orc wizards
  A scorpion zombie (D:5)
  7 hell rats (Lair:3)
  A hound skeleton (D:5)
  A howler monkey zombie (D:9)
  9 gnolls
  2 adders
  A white imp (D:5)
  3 worms (D:4)
  A dart slug (D:3)
  21 orcs
  6 endoplasms
  5 giant cockroaches
  2 hobgoblins
  6 jackals
  15 kobolds
  3 quokkas
  7 ball pythons
  4 bats
  10 goblins
  4 rats
325 creatures vanquished.

Vanquished Creatures (others)
  Sonja (Lair:4)
  9 fungi
  24 plants
34 creatures vanquished.

Grand Total: 359 creatures vanquished

Notes
Turn   | Place    | Note
-------+----------+-------------------------------------------
     0 | D:1      | ZappyNine the Barachi Transmuter began the quest for the
                  | Orb.
     0 | D:1      | Reached XP level 1. HP: 15/15 MP: 3/3
   309 | D:1      | Found a faded altar of an unknown god.
   323 | D:1      | Reached XP level 2. HP: 19/22 MP: 5/5
   529 | D:1      | Learned a level 2 spell: Wereblood
   706 | D:1      | Found Emepirex's Magic Scroll Emporium.
   715 | D:1      | Bought a scroll of identify for 20 gold pieces
   903 | D:2      | Reached XP level 3. HP: 26/28 MP: 4/6
   907 | D:2      | Learned a level 3 spell: Spider Form
   939 | D:2      | Found a stormy altar of Qazlal.
  1240 | D:2      | Noticed Sigmund
  1761 | D:2      | Killed Sigmund
  1762 | D:2      | Reached XP level 4. HP: 17/34 MP: 4/7
  1762 | D:2      | Reached XP level 5. HP: 20/39 MP: 4/8
  2321 | D:2      | Reached skill level 4 in Unarmed Combat
  2386 | D:2      | Identified the +4 dagger "Yterhuine" {drain, rElec rCorr
                  | Str-3 Dex+2}
  2816 | D:3      | Reached XP level 6. HP: 33/46 MP: 5/9
  4162 | D:4      | Found Uricezirch's Jewellery Shoppe.
  4373 | D:4      | Reached XP level 7. HP: 52/52 MP: 3/10
  4587 | D:4      | Reached skill level 5 in Unarmed Combat
  4778 | D:4      | Found a staircase to the Ecumenical Temple.
  4819 | Temple   | Entered the Ecumenical Temple
  5288 | Temple   | Became a worshipper of Warmaster Okawaru
  5998 | D:5      | Entered Level 5 of the Dungeon
  6021 | D:5      | Reached skill level 5 in Fighting
  6021 | D:5      | Reached XP level 8. HP: 5/62 MP: 6/11
  6349 | D:5      | Reached skill level 6 in Unarmed Combat
  6909 | D:5      | Reached skill level 5 in Dodging
  7008 | D:5      | Reached * piety under Okawaru
  7015 | D:5      | Learned a level 4 spell: Ice Form
  7521 | D:6      | Reached skill level 1 in Ice Magic
  8086 | D:6      | Reached skill level 7 in Unarmed Combat
  8261 | D:6      | Reached XP level 9. HP: 60/69 MP: 8/12
  8438 | D:6      | Reached skill level 1 in Invocations
  8501 | D:6      | Learned a level 3 spell: Ozocubu's Armour
  9102 | D:7      | Reached ** piety under Okawaru
 10580 | D:8      | Found a runed translucent door.
 10580 | D:8      | Noticed a sixfirhy
 11143 | D:8      | Found a staircase to the Lair.
 11220 | D:8      | Reached skill level 5 in Transmutations
 11562 | D:9      | Found a staircase to the Orcish Mines.
 11575 | D:9      | Reached XP level 10. HP: 62/76 MP: 5/16
 11588 | D:9      | Reached *** piety under Okawaru
 11589 | D:9      | Reached skill level 5 in Spellcasting
 12498 | D:8      | Reached skill level 8 in Unarmed Combat
 12778 | D:8      | Learned a level 3 spell: Frozen Ramparts
 13880 | D:10     | Entered Level 10 of the Dungeon
 13936 | D:10     | Noticed Snorg
 13944 | D:10     | Killed Snorg
 13944 | D:10     | Reached **** piety under Okawaru
 13945 | D:10     | Reached skill level 9 in Unarmed Combat
 14322 | D:10     | Identified 2 scrolls of acquirement
 14322 | D:10     | Acquired 1059 gold pieces
 14324 | D:10     | Acquired the amulet "Tout Woenaer" {Reflect rC+ SH+5}
 14359 | D:10     | Noticed a two-headed ogre
 14369 | D:10     | Killed a two-headed ogre
 14369 | D:10     | Reached ***** piety under Okawaru
 14370 | D:10     | Reached skill level 10 in Unarmed Combat
 14523 | D:10     | Found a broken altar of Ashenzari.
 14591 | D:10     | Received a gift from Okawaru
 14883 | D:10     | Noticed a vault guard
 14910 | D:10     | Killed a vault guard
 14911 | D:10     | Reached XP level 11. HP: 15/84 MP: 2/18
 15200 | D:10     | Found a portal to a secret trove of treasure.
 15390 | D:10     | Noticed a two-headed ogre
 15405 | D:10     | Killed a two-headed ogre
 15406 | D:10     | Reached skill level 5 in Invocations
 15596 | D:11     | Noticed a seven-headed hydra
 15604 | D:11     | Killed a seven-headed hydra
 15953 | D:4      | Bought a +4 ring of slaying for 858 gold pieces
 16021 | D:1      | Bought a scroll of silence for 75 gold pieces
 16021 | D:1      | Bought a scroll of identify for 20 gold pieces
 16021 | D:1      | Bought a scroll of identify for 20 gold pieces
 16021 | D:1      | Bought a scroll of identify for 20 gold pieces
 16021 | D:1      | Bought a scroll of identify for 20 gold pieces
 16021 | D:1      | Bought a scroll of teleportation for 30 gold pieces
 16021 | D:1      | Bought a scroll of teleportation for 30 gold pieces
 16021 | D:1      | Bought a scroll of teleportation for 30 gold pieces
 16214 | D:11     | Noticed a two-headed ogre
 16223 | D:11     | Killed a two-headed ogre
 16406 | D:11     | Noticed Urug
 16624 | D:11     | Killed Urug
 16625 | D:11     | Reached skill level 11 in Unarmed Combat
 16903 | D:11     | Found Diluaf's Weapon Boutique.
 17016 | D:11     | Noticed a manticore
 17030 | D:11     | Killed a manticore
 17446 | D:12     | Found a gate leading to a gauntlet.
 17447 | D:12     | Noticed a boulder beetle
 17470 | D:12     | Killed a boulder beetle
 17502 | D:12     | Found Geni's Magic Scroll Emporium.
 17793 | D:12     | Bought a scroll of identify for 26 gold pieces
 17793 | D:12     | Bought a scroll of blinking for 97 gold pieces
 17793 | D:12     | Bought a scroll of enchant armour for 97 gold pieces
 17848 | D:12     | Noticed Nergalle
 17872 | D:12     | Killed Nergalle
 17915 | Gauntlet | Entered a Gauntlet
 17915 | Gauntlet | Found a transporter.
 17916 | Gauntlet | Noticed a wizard
 17917 | Gauntlet | Noticed a wizard
 17918 | Gauntlet | Found a runed translucent gate.
 17919 | Gauntlet | Found a transporter.
 17919 | Gauntlet | Found a runed translucent gate.
 17920 | Gauntlet | Found a transporter.
 17920 | Gauntlet | Found a runed translucent gate.
 17921 | Gauntlet | Noticed a dire elephant
 17924 | Gauntlet | Found a transporter.
 17925 | Gauntlet | Found a transporter.
 17926 | Gauntlet | Found a transporter.
 17934 | Gauntlet | Noticed a cacodemon
 17935 | Gauntlet | Found a transporter.
 17936 | Gauntlet | Noticed an obsidian statue
 17939 | Gauntlet | Found a transporter.
 17943 | Gauntlet | Found the ring of the Mage {Wiz Archmagi}
 17970 | Gauntlet | Found a transporter.
 17970 | Gauntlet | Noticed a thrashing horror
 17987 | Gauntlet | Found a transporter.
 17991 | Gauntlet | Found a transporter.
 18000 | Gauntlet | Found a transporter.
 18161 | Gauntlet | Identified the +5 fustibalus "Verygy" {speed, rC+ Int+2
                  | Dex-5} (Okawaru gifted it to you in a Gauntlet)
 18161 | Gauntlet | Received a gift from Okawaru
 18164 | Gauntlet | Reached XP level 12. HP: 65/94 MP: 13/19
 18172 | Gauntlet | Identified the +0 barding of Idealism {Will- Str+3 Int+3}
 18446 | Gauntlet | Killed a thrashing horror
 18453 | Gauntlet | Identified the amulet of Qihan {Spirit +Blink Str+4}
 18645 | Gauntlet | Identified the +9 morningstar "Xiull" {vorpal, rCorr MP+9
                  | Dex+2}
 18645 | Gauntlet | Noticed a minotaur
 18651 | Gauntlet | Killed a minotaur
 18658 | Gauntlet | Identified the +2 cloak of Resourcefulness {Will++ Str-2
                  | Int+2}
 18779 | D:12     | Noticed a two-headed ogre
 18787 | D:12     | Killed a two-headed ogre
 18788 | D:12     | Reached skill level 12 in Unarmed Combat
 18804 | D:12     | Noticed a centaur warrior
 19177 | Lair:1   | Entered Level 1 of the Lair of Beasts
 19182 | Lair:1   | Found a transporter.
 19217 | Lair:1   | Found a transporter.
 19574 | Lair:1   | Noticed Grum
 19596 | Lair:1   | Killed Grum
 20046 | Lair:1   | Received a gift from Okawaru
 20728 | Lair:2   | Noticed Erica
 20935 | Lair:2   | Killed Erica
 21212 | Lair:2   | Received a gift from Okawaru
 21213 | Lair:2   | Gained mutation: You can hop long distances. [Barachi
                  | growth]
 21213 | Lair:2   | Reached XP level 13. HP: 67/103 MP: 11/23
 21444 | Lair:2   | Found a staircase to the Swamp.
 21776 | Lair:2   | Reached skill level 10 in Fighting
 21776 | Lair:2   | Reached skill level 10 in Dodging
 22067 | Lair:3   | Reached skill level 13 in Unarmed Combat
 22485 | Lair:3   | Reached ****** piety under Okawaru
 22866 | Lair:3   | Found a staircase to the Snake Pit.
 23440 | Lair:3   | Identified the +1 pair of gloves of the Game of Life {Will+
                  | rCorr} (Okawaru gifted it to you on level 3 of the Lair of
                  | Beasts)
 23440 | Lair:3   | Received a gift from Okawaru
 23955 | Lair:4   | Noticed Sonja
 23972 | Lair:4   | Killed Sonja
 24539 | Lair:4   | Reached skill level 14 in Unarmed Combat
 26436 | Lair:6   | Entered Level 6 of the Lair of Beasts
 26446 | Lair:6   | Noticed an acid blob
 26448 | Lair:6   | Noticed a rockslime
 26458 | Lair:5   | Mangled by an acid blob

Illustrated notes

Levels and vault maps discovered:
D:1:      nzn_arrival_crosshair, layout_basic, serial_shops, nicolae_shop_trees,
          hellmonk_ecumenical_altar_blasted
D:2:      layout_basic, basic_altar, uniq_sigmund
D:3:      layout_loops_ring, grunt_decor_fettered, nrook_loot_triangle,
          st_stairs_8
D:4:      layout_loops_corners, temple_pool_b, dk_noncrumbling_3,
          minmay_shop_enchanted_jewellery, minmay_bent
D:5:      layout_loops_ring
D:6:      layout_basic
D:7:      layout_basic
D:8:      cheibrodos_shockbox, layout_gridville
D:9:      layout_layer_cave, minmay_orc_entry_guard_dogs
D:10:     layout_loops_ring, mainiacjoe_overflow_alcove_1, enter_trove_5,
          uniq_snorg
D:11:     layout_long_grid, serial_shops, shop, small_chamber_with_monster,
          minmay_misc_feat_encased, bh_walls_and_bars, uniq_urug
D:12:     layout_basic, gauntlet_entry_generic, serial_shops, shop,
          uniq_nergalle
Temple:   mainiacjoe_temple_starburst
Lair:1:   gammafunk_worm_tunnel, layout_chaotic_city, grunt_megastairs_5,
          uniq_grum
Lair:2:   layout_regular_city, skrybe_swamp_entry_bodies, ldierk_geyser,
          lemuel_fruit_tree, uniq_erica
Lair:3:   layout_cave_pods, guppyfry_snake_entry_garden, grunt_megastairs_1,
          infiniplex_staircase_pool_2
Lair:4:   layout_small_grid, serial_rivers, chequers_serial_rivers_small_3,
          chequers_serial_rivers_large_a, chequers_serial_rivers_room_b,
          chequers_serial_rivers_room_a, chequers_serial_rivers_room_a,
          serial_bayou_shore_b, uniq_sonja
Lair:5:   layout_roguey, grunt_megastairs_2, infiniplex_staircase_pool
Lair:6:   minmay_lair_end_frog_pond, layout_gridlike, minmay_slime_entry_eyes,
          special_room [special_room_jelly]

Skill      XL: |  1  2  3  4  5  6  7  8  9 10 11 12 13 |
---------------+----------------------------------------+-----
Fighting       | 2 3 5 7 8 9 11 | 11.1
Poison Magic   | 4 |  4.9
Unarmed Combat | 4 5 7 10 11 12 14 | 14.2
Dodging        | 4 5 6 8 9 10 | 10.9
Transmutations | 3 5 6 7 8 |  8.0
Ice Magic      | 3 4 |  4.6
Invocations    | 2 4 5 7 |  7.7
Spellcasting   | 4 5 6 8 |  8.2

Action                   |  1- 3 |  4- 6 |  7- 9 | 10-12 | 13-15 || total
-------------------------+-------+-------+-------+-------+-------++-------
Melee: Unarmed           |    76 |   112 |   316 |   364 |   228 ||  1096
       Headbutt          |     5 |     2 |     5 |       |       ||    12
       Kick              |     5 |     1 |     9 |       |       ||    15
       Punch             |     1 |     2 |     3 |     3 |     2 ||    11
 Cast: Beastly Appendage |     9 |     2 |     3 |       |       ||    14
       Wereblood         |     1 |     3 |     9 |    13 |     8 ||    34
       Spider Form       |     1 |    10 |    27 |     7 |     7 ||    52
       Ozocubu's Armour  |       |       |     4 |    17 |     5 ||    26
       Ice Form          |       |       |     2 |    40 |    25 ||    67
       Frozen Ramparts   |       |       |       |    19 |     7 ||    26
Invok: Heroism           |       |       |       |     3 |       ||     3
       Finesse           |       |       |       |     2 |       ||     2
 Abil: Hop               |     1 |     1 |     1 |       |     1 ||     4
  Use: Scroll            |     2 |       |     8 |    14 |       ||    24
       Potion            |     1 |       |       |     3 |     1 ||     5
Armor: Robe              |    15 |     7 |    15 |     8 |     4 ||    49
       Skin              |       |     1 |    14 |   116 |    56 ||   187
Dodge: Dodged            |    44 |    86 |   285 |   258 |   137 ||   810
Block: Other             |       |       |       |    65 |    53 ||   118
       Reflection        |       |       |       |     1 |     2 ||     3
